 Dungeon Crawl Stone Soup version 0.26-a0-940-gf7e0b5f775 (webtiles) character file.

Game seed: 3413057382108675286

6167 mhtbhm the Basher (level 10, -1/64 HPs)
             Began as a Gargoyle Berserker on Nov 27, 2020.
             Was a High Priest of Trog.
             Slain by an ettin
             ... wielding a +0 dire flail
              (19 damage)
             ... on level 1 of the Orcish Mines.
             The game lasted 00:11:10 (8700 turns).

mhtbhm the Basher (Gargoyle Berserker)              Turns: 8700, Time: 00:11:11

Health: -1/64      AC: 25    Str: 26    XL:     10   Next: 90%
Magic:  10/10      EV: 14    Int:  6    God:    Trog [*****.]
Gold:   314        SH:  0    Dex:  9    Spells: 9/9 levels left

rFire    . . .     SeeInvis .   a - +3 morningstar (freeze)
rCold    . . .     Faith    .   (no shield)
rNeg     + + .     Spirit   .   b - +0 chain mail {rN+}
rPois    ∞         Reflect  .   i - +0 helmet
rElec    +         Harm     .   t - +2 cloak
rCorr    .         Rampage  .   j - +0 pair of gloves
MR       +....                  y - +0 pair of boots
Stlth    ..........             v - amulet of regeneration
HPRegen  0.60/turn              H - +4 ring of evasion
MPRegen  0.12/turn              K - ring "Zukker" {MR+ Str+3 Int-3 Stlth+}

@: about to teleport, berserk cooldown, slowed, very slow
A: negative energy resistance 1, electricity resistance, unbreathing,
petrification resistance, rot immunity, AC +7
a: Berserk, Trog's Hand, Brothers in Arms, Renounce Religion


You were on level 1 of the Orcish Mines.
You worshipped Trog.
Trog was extremely pleased with you.
You visited 2 branches of the dungeon, and saw 10 of its levels.

You collected 314 gold pieces.

Inventory:

Hand Weapons
 a - a +3 morningstar of freezing (weapon)
Armour
 b - a +0 chain mail of positive energy (worn)
 i - a +0 helmet (worn)
 j - a +0 pair of gloves (worn)
 t - a +2 cloak (worn)
 y - a +0 pair of boots (worn)
Jewellery
 v - an amulet of regeneration (around neck)
 H - a +4 ring of evasion (left hand)
 K - the ring "Zukker" (right hand) {MR+ Str+3 Int-3 Stlth+}
   (You took it off an orc on level 8 of the Dungeon)

   [ring of stealth]

   It affects your strength (+3).
   It affects your intelligence (-3).
   It affects your resistance to hostile enchantments.
   It makes you more stealthy.
 L - an uncursed ring of resist corrosion
Wands
 d - a wand of paralysis (11)
 u - a wand of random effects (9)
 C - a wand of flame (43)
 D - a wand of disintegration (14)
 F - a wand of polymorph (7)
Scrolls
 c - 7 scrolls of teleportation
 g - 2 scrolls of immolation {unknown}
 k - 2 scrolls of noise {unknown}
 o - 2 scrolls of enchant weapon {unknown}
 p - a scroll of random uselessness {unknown}
 q - a scroll of magic mapping {unknown}
 s - 2 scrolls of remove curse
 w - 2 scrolls of blinking {unknown}
 x - a scroll of fog {unknown}
 z - a scroll of fear
 B - a scroll of enchant armour {unknown}
 J - 2 scrolls of identify {unknown}
 M - a scroll of torment {unknown}
Potions
 e - 3 potions of cancellation
 f - 4 potions of lignification {unknown}
 h - 2 potions of brilliance {unknown}
 l - 2 potions of mutation {unknown}
 m - 4 potions of degeneration {unknown}
 n - 3 potions of might {unknown}
 r - a potion of resistance {unknown}
 A - a potion of heal wounds {unknown}
 E - 2 potions of flight {unknown}
 G - a potion of curing
 I - 2 potions of attraction {unknown}


   Skills:
 + Level 8.1 Fighting
 + Level 12.1 Maces & Flails
 + Level 7.8 Armour
 + Level 4.3 Dodging
 - Level 0.2 Stealth


You had 9 spell levels left.
You didn't know any spells.
Your spell library contained the following spells:

 Spells                   Type           Power        Failure   Level
 Confusing Touch          Hex            #.......     100%        3
 Gell's Gravitas          Tloc           #.........   100%        3
 Petrify                  Tmut/Erth      #.......     100%        4
 Metabolic Englaciation   Hex/Ice        #.........   100%        5
 Yara's Violent Unravell  Hex/Tmut       #.........   100%        5


Dungeon Overview and Level Annotations

Branches:
Dungeon (10/15)            Temple (0/1) D:5             Orc (1/2) D:10
   Lair: D:8-11

Altars:
Ashenzari
Dithmenos
Elyvilon
Makhleb
Qazlal
Ru
Sif Muna
Trog
Vehumet
Zin

Shops:
D:5 (   D:6 (

Annotations:
Orc:1 Fannar


Innate Abilities, Weirdness & Mutations

You are resistant to torment.
Your stone body is resilient. (AC +7)
You are immune to poison.
You resist negative energy. (rN+)
You are resistant to electric shocks. (rElec)
You can survive without breathing.
You are immune to petrification.
You are immune to rotting.


Message History

The two-headed ogre closely misses you. The orc hits you but does no damage.
You sock the ogre! You freeze the ogre.
The ogre is severely wounded.
The ettin hits you with a +0 dire flail.
The ettin hits you with a cursed -2 dire flail!!
Fannar closely misses you. The orc misses you. The ogre misses you.
The two-headed ogre hits you with a +0 giant club.
* * * LOW HITPOINT WARNING * * *
The two-headed ogre misses you.
As you read the scroll of teleportation, it crumbles to dust.
You feel strangely unstable. The ettin hits you but does no damage.
The ettin misses you. The orc closely misses you.
Fannar hits you but does no damage. The ogre misses you. x2
The two-headed ogre hits you but does no damage.
The two-headed ogre barely misses you. The ettin barely misses you. x2
The orc misses you.
Okay, then.
Fannar hits you but does no damage. The ogre misses you.
The ettin hits you with a +0 dire flail!!
You die...

## #.# ...##
#.#.##
####....### #
##.#.......#..
#.............
##....O@.$.....
#.....COe......
##....oO.......
#.....o>......
##..........$.
#.............
#.............
#...#..........
#.$..##........


You could see Fannar (icy armour), an ettin, a two-headed ogre, 2 ogres and 2
orcs.

Vanquished Creatures
  A troll (D:10)
  Prince Ribbit (D:5)
  A meliai zombie (D:10)
  Sigmund (D:5)
  6 yaks (D:10)
  Menkaure (D:6)
  A black bear (D:7)
  3 orc warriors
  3 sky beasts
  2 necrophages (D:8)
  3 ogres
  2 centaurs (D:6)
  A gnoll sergeant (D:8)
  3 bullfrogs
  2 big kobolds (D:8)
  3 scorpions
  16 wights
  4 killer bees (D:8)
  10 electric eels
  A bullfrog zombie (D:10)
  3 jellies
  3 centaur zombies
  2 hounds
  3 bullfrog skeletons
  Crazy Yiuf (D:3)
  4 orc priests
  Natasha (thrice) (D:4)
  5 iguanas
  6 orc wizards
  10 worker ants
  A hound zombie (D:5)
  A howler monkey zombie (D:5)
  10 adders
  7 gnolls
  2 shadow imps (D:7)
  A white imp (D:7)
  3 oozes
  2 worms (D:4)
  6 leopard geckos
  38 orcs
  5 giant cockroaches
  10 goblins
  6 hobgoblins
  10 jackals
  20 kobolds
  8 quokkas
  A ball python (D:1)
  4 bats
  5 frilled lizards
  A leopard gecko skeleton (D:4)
  A leopard gecko zombie (D:8)
  6 rats
253 creatures vanquished.

Vanquished Creatures (others)
  43 plants (D:8)
43 creatures vanquished.

Grand Total: 296 creatures vanquished

Notes
Turn   | Place    | Note
-------+----------+-------------------------------------------
     0 | D:1      | mhtbhm the Gargoyle Berserker began the quest for the Orb.
     0 | D:1      | Reached XP level 1. HP: 14/14 MP: 1/1
   204 | D:1      | Reached XP level 2. HP: 15/19 MP: 2/2
   349 | D:1      | You fall into a shaft and drop 1 floor!
   551 | D:2      | Reached XP level 3. HP: 14/23 MP: 3/3
  1046 | D:1      | Reached ** piety under Trog
  1823 | D:2      | Found a bloodstained altar of Trog.
  1823 | D:2      | Found a sacrificial altar of Ru.
  1824 | D:2      | Found a burning altar of Makhleb.
  1840 | D:2      | Reached skill level 4 in Maces & Flails
  1840 | D:2      | Reached XP level 4. HP: 23/29 MP: 4/4
  2541 | D:3      | Found a runed translucent door.
  2542 | D:3      | Noticed Crazy Yiuf
  3064 | D:2      | Reached XP level 5. HP: 22/33 MP: 5/5
  3654 | D:3      | Killed Crazy Yiuf
  3727 | D:4      | Reached skill level 5 in Maces & Flails
  3727 | D:4      | Reached XP level 6. HP: 26/38 MP: 6/6
  4442 | D:4      | Reached *** piety under Trog
  4532 | D:4      | Reached XP level 7. HP: 36/44 MP: 7/7
  4639 | D:4      | Noticed Natasha
  4649 | D:4      | Killed Natasha
  4684 | D:4      | Noticed Natasha
  4692 | D:4      | Killed Natasha
  4737 | D:4      | Found a shadowy altar of Dithmenos.
  4743 | D:4      | Found a stormy altar of Qazlal.
  4793 | D:4      | Noticed Natasha
  4811 | D:4      | Killed Natasha
  5099 | D:5      | Entered Level 5 of the Dungeon
  5137 | D:5      | Reached skill level 6 in Maces & Flails
  5223 | D:5      | Found Qyxemo's Weapon Shop.
  5229 | D:5      | You fall into a shaft and drop 2 floors!
  5268 | D:6      | Reached skill level 5 in Fighting
  5373 | D:6      | Reached XP level 8. HP: 21/49 MP: 8/8
  5436 | D:6      | Reached skill level 5 in Armour
  5579 | D:6      | Found Upnec's Weapon Emporium.
  5606 | D:6      | Reached skill level 7 in Maces & Flails
  5714 | D:6      | Noticed Menkaure
  5721 | D:6      | Killed Menkaure
  5798 | D:6      | Found a glowing silver altar of Zin.
  5862 | D:6      | Reached skill level 8 in Maces & Flails
  6132 | D:5      | Reached XP level 9. HP: 55/55 MP: 9/9
  6132 | D:5      | Found a staircase to the Ecumenical Temple.
  6141 | D:5      | Reached **** piety under Trog
  6212 | D:5      | Noticed Sigmund
  6224 | D:5      | Killed Sigmund
  6387 | D:5      | Noticed Prince Ribbit
  6399 | D:5      | Killed Prince Ribbit
  6400 | D:5      | Reached skill level 9 in Maces & Flails
  7074 | D:7      | Found a broken altar of Ashenzari.
  7217 | D:7      | Reached skill level 10 in Maces & Flails
  7227 | D:7      | Reached ***** piety under Trog
  7343 | D:7      | Found a white marble altar of Elyvilon.
  7548 | D:8      | Reached XP level 10. HP: 59/63 MP: 10/10
  7865 | D:8      | Identified the ring "Zukker" {MR+ Str+3 Int-3 Stlth+}
  8027 | D:8      | Reached skill level 11 in Maces & Flails
  8088 | D:8      | Found a shimmering blue altar of Sif Muna.
  8099 | D:8      | Found a radiant altar of Vehumet.
  8106 | D:8      | You fall into a shaft and drop 2 floors!
  8106 | D:10     | Entered Level 10 of the Dungeon
  8432 | D:10     | Received a gift from Trog
  8582 | D:10     | Reached skill level 12 in Maces & Flails
  8664 | D:10     | Found a staircase to the Orcish Mines.
  8673 | Orc:1    | Entered Level 1 of the Orcish Mines
  8673 | Orc:1    | Noticed Fannar
  8673 | Orc:1    | Noticed a two-headed ogre
  8682 | Orc:1    | Noticed an ettin
  8700 | Orc:1    | Slain by an ettin

Illustrated notes

Levels and vault maps discovered:
D:1:      matt_arrival_refuge, layout_loops_ring, chequers_serial_rivers_micro_a
D:2:      layout_basic, gammafunk_temple_overflow_claw
D:3:      layout_basic, uniq_crazy_yiuf_cottage
D:4:      layout_cave_pools, old_standard_altar,
          nicolae_qazlal_eye_of_the_storm, uniq_natasha
D:5:      layout_basic, minmay_temple_entry_large_hall, serial_shops,
          nicolae_shop_stone, uniq_sigmund, uniq_prince_ribbit1
D:6:      layout_rooms, zin_treasury, serial_shops,
          nicolae_shop_window_shopping, nicolae_underground_beach, uniq_menkaure
D:7:      layout_cave_pools, lemuel_coloured_pillars_altar,
          general_overflow_altar
D:8:      layout_gridville, kennysheep_mini_moat, vehumet_crystals,
          serial_bayou, serial_bayou_pond_e, serial_bayou_pond_c,
          serial_bayou_lagoon_a, serial_bayou_shore_b, serial_bayou_lagoon_b,
          serial_bayou_shore_a
D:10:     layout_basic, orc_0_dummy, lightli_wizard_tower
Orc:1:    layout_caves, portal_ice_cave_entry_pillars_1, serial_shops,
          shop_coins, rock_pile, uniq_fannar

Skill      XL: |  1  2  3  4  5  6  7  8  9 10 |
---------------+-------------------------------+-----
Maces & Flails | 4 5 6 8 10 12 | 12.1
Dodging        | 2 3 4 |  4.3
Fighting       | 4 5 6 7 8 |  8.1
Armour         | 3 4 6 7 |  7.8
Stealth        | |  0.2

Action                   |  1- 3 |  4- 6 |  7- 9 | 10-12 || total
-------------------------+-------+-------+-------+-------++-------
Melee: Mace              |   175 |   192 |   123 |       ||   490
       Morningstar       |       |       |   225 |   229 ||   454
Invok: Berserk           |       |     5 |     5 |     1 ||    11
  Use: Scroll            |       |     3 |     3 |     1 ||     7
       Potion            |       |     1 |     1 |     1 ||     3
Armor: Animal skin       |    57 |       |       |       ||    57
       Ring mail         |    10 |   109 |       |       ||   119
       Chain mail        |       |    49 |   296 |   119 ||   464
Dodge: Dodged            |   121 |   159 |   230 |   173 ||   683

Table legend: (Time is in decaauts)
 A = Elapsed time spent in this place.
 B = Non-inter-level travel time spent in this place.
 C = Inter-level travel time spent in this place.
 D = Time resting spent in this place.
 E = Time spent auto-exploring this place.
 F = Levels seen in this place.
 G = Mean time per level.
                   A        B        C        D        E       F      G
               +--------+--------+--------+--------+--------+-----+--------+
         Total |   8898 |   8885 |     13 |   2015 |   4748 |  10 |  889.8 |
       Dungeon |   8875 |   8862 |     13 |   2015 |   4748 |   9 |  986.1 |
  Orcish Mines |     23 |     23 |      0 |      0 |      0 |   1 |   23.0 |
               +--------+--------+--------+--------+--------+-----+--------+

Top non-repeatable levels by time:
     D:2: 1657 daAuts
     D:3: 1605 daAuts
     D:1: 1024 daAuts
     D:6: 981 daAuts
     D:4: 968 daAuts
     D:5: 874 daAuts
     D:8: 621 daAuts
     D:7: 585 daAuts
    D:10: 557 daAuts
   Orc:1: 23 daAuts
